 Dungeon Crawl Stone Soup version 0.29-a0-459-g97dee8cd24 (webtiles) character file.

Game seed: 7322957539553517486

16 siradein the Grave Robber (level 2, 0/19 HPs)
             Began as a Demonspawn Necromancer on May 20, 2022.
             Slain by a goblin
             ... wielding a +0 club
              (2 damage)
             ... on level 1 of the Dungeon.
             The game lasted 00:01:24 (404 turns).

siradein the Grave Robber (Demonspawn Necromancer)   Turns: 404, Time: 00:01:25

Health: 0/19       AC:  2    Str:  8    XL:     2   Next: 41%
Magic:  0/5        EV: 14    Int: 16    God:
Gold:   9          SH:  0    Dex: 13    Spells: 5/6 levels left

rFire   . . .      SeeInvis .   f - +0 shortbow
rCold   . . .      Faith    .   (shield currently unavailable)
rNeg    . . .      Spirit   .   a - +0 robe
rPois   .          Reflect  .   (no helmet)
rElec   .          Harm     .   (no cloak)
rCorr   .          Rampage  .   (no gloves)
Will    .....                   (no boots)
Stlth   ++........              (no amulet)
HPRegen 0.06/turn               (no ring)
MPRegen 0.09/turn               (no ring)

@: no status effects
A: repulsion field 1
a: no special abilities


You were on level 1 of the Dungeon.
You visited 1 branch of the dungeon, and saw 1 of its levels.

You collected 9 gold pieces.

Inventory:

Hand Weapons
 f - a +0 shortbow (weapon)
Armour
 a - a +0 robe (worn)
Scrolls
 c - a scroll of teleportation {unknown}
Potions
 b - a potion of magic
 d - a potion of flight {unknown}
 e - a potion of ambrosia {unknown}


   Skills:
 - Level 1.7 Dodging
 - Level 1.7 Stealth
 + Level 2.5 Spellcasting
 + Level 4.8 Necromancy


You had 5 spell levels left.
You knew the following spells:

 Your Spells              Type           Power      Damage    Failure   Level
a - Necrotize             Necr           68%        1d7       2%          1

Your spell library contained the following spells:

 Spells                   Type           Power      Damage    Failure   Level
 Vampiric Draining        Necr           17%        2d7       9%          3
 Animate Dead             Necr           17%        N/A       26%         4
 Static Discharge         Conj/Air       2%         N/A       30%         2
 Agony                    Necr           17%        N/A       58%         5
 Lightning Bolt           Conj/Air       1%         1d12      99%         5
 Maxwell's Capacitive Co  Air            1%         ∞         100%        8


Dungeon Overview and Level Annotations

Branches:
Dungeon (1/15)

Altars:
Ru


Innate Abilities, Weirdness & Mutations

You are surrounded by a mild repulsion field. (EV +2)


Message History

The hobgoblin attacks as you move away! The hobgoblin misses you.
The hobgoblin barely misses you.
You shoot an arrow. The arrow closely misses the hobgoblin.
The hobgoblin hits you with a +0 whip. The hobgoblin closely misses you. x2
Your kobold skeleton hits the hobgoblin but does no damage.
The hobgoblin barely misses you. The hobgoblin hits you.
Your kobold skeleton hits the hobgoblin but does no damage.
The hobgoblin hits you.
You shoot an arrow. The arrow hits the hobgoblin.
The hobgoblin is severely wounded.
The hobgoblin hits you with a +0 whip. The hobgoblin closely misses you.
The goblin closely misses you. The hobgoblin closely misses you.
Your kobold skeleton hits the hobgoblin.
You shoot an arrow. The arrow hits the hobgoblin.
You kill the hobgoblin!
The goblin closely misses you. The hobgoblin misses you. x2
Your kobold skeleton hits the hobgoblin but does no damage.
The hobgoblin barely misses you. The goblin hits you with a +0 club.
The hobgoblin misses you.
You are too injured to fight recklessly!
You are too injured to fight recklessly!
You are too injured to fight recklessly!
You are too injured to fight recklessly!
You are too injured to fight recklessly!
Unknown command.
The goblin attacks as you move away! The goblin hits you with a +0 club.
Your kobold skeleton barely misses the hobgoblin.
Casting: Necrotize (safe; 2% risk of failure)
Confirm with . or Enter, or press ? or * to list all spells.
Aiming: Necrotize (safe; 2% risk of failure)
Press: ? - help, Shift-Dir - straight line, f - hobgoblin
Aim: a hobgoblin (ally target, chance to affect: 87%)
The hobgoblin writhes in agony.
The goblin barely misses you. The hobgoblin hits you.
* * * LOW HITPOINT WARNING * * *
Your kobold skeleton hits the hobgoblin.
The hobgoblin barely misses you.
Unknown command.
The goblin attacks as you move away! The goblin hits you with a +0 club.
You die...

#########.######..
#.......#........ .##
#.......#......## ..
#.......#.......#..Z
#.......#.......#)._
#.#####.#...........
###.#####.#.......##
...........+...Z...#
....#.#####....g@..#...
###.#.# #....)gg.......
....#.# #.#..........##
###.#+####.#............
........................
###...........#...#.....
........................
####............###..?..
# #............# ....


You could see 2 hobgoblins, a goblin and a friendly kobold skeleton.

Vanquished Creatures
  A dart slug (D:1)
  2 bats (D:1)
  An endoplasm (D:1)
  A goblin (D:1)
  A hobgoblin (D:1)
  A kobold (D:1)
  A quokka (D:1)
  A ball python (D:1)
  A frilled lizard (D:1)
  A rat (D:1)
11 creatures vanquished.

Vanquished Creatures (collateral kills)
  An endoplasm (D:1)
  A giant cockroach (D:1)
2 creatures vanquished.

Grand Total: 13 creatures vanquished

Notes
Turn   | Place    | Note
-------+----------+-------------------------------------------
     0 | D:1      | siradein the Demonspawn Necromancer began the quest for the
                  | Orb.
     0 | D:1      | Reached XP level 1. HP: 13/13 MP: 3/3
   277 | D:1      | Gained mutation: You are surrounded by a mild repulsion
                  | field. (EV +2) [demonic ancestry]
   277 | D:1      | Reached XP level 2. HP: 19/19 MP: 1/5
   384 | D:1      | Found a sacrificial altar of Ru.
   404 | D:1      | Slain by a goblin

Illustrated notes

Levels and vault maps discovered:
D:1:      psy_arrival_radial01, layout_basic, hangedman_abyss_or_decor_stabs,
          minmay_hexomino_r4

Action                   || total
-------------------------++-------
 Fire: Shortbow          ||     3
 Cast: Necrotize         ||    21
Armor: Robe              ||     1
Dodge: Dodged            ||    19

Table legend: (Time is in decaauts)
 A = Elapsed time spent in this place.
 B = Non-inter-level travel time spent in this place.
 C = Inter-level travel time spent in this place.
 D = Time resting spent in this place.
 E = Time spent auto-exploring this place.
 F = Levels seen in this place.
 G = Mean time per level.
                   A        B        C        D        E       F      G
               +--------+--------+--------+--------+--------+-----+--------+
         Total |    405 |    405 |      0 |      0 |    337 |   1 |  405.0 |
       Dungeon |    405 |    405 |      0 |      0 |    337 |   1 |  405.0 |
               +--------+--------+--------+--------+--------+-----+--------+

Top non-repeatable levels by time:
     D:1: 405 daAuts
